AoeStats
← BottleDry

Highland

505024621Analyzed
4v4 RM · 26d ago on Sep 7, 2026· 41m 8s· 8 players
Game mode
Random Map
Map size
Large (8 player)
Population
200
Speed
Normal
Resources
Standard
Victory
Conquest
Starting age
Dark Age
Ending age
Imperial Age
RankedLock teamsTeams togetherTeam positionsShared explorationLock speedFull tech treeHidden civsTurbo modeCheats
Victory
Defeat
🇯🇵 Magyars · Japan
922
+14
🇹🇷 Franks · Türkiye
891
+15
854
+16
🇮🇳 Hindustanis · India
852
+16
🇨🇿 Slavs · Czechia
948
-19
🇩🇪 Saracens · Germany
902
-17
🇺🇸 Japanese · United States
842
-14
🇫🇷 Franks · France
768
-11
巨像到你家门口
1:48 Loom
12:28 Feudal Age
16:14 Double-Bit Axe
18:40 Castle Age
19:49 Bow Saw
22:48 Wheelbarrow
23:31 Horse Collar
25:12 Heavy Plow
26:19 Chemistry
25:56 Treadmill Crane
26:38 Ballistics
28:44 Heavy Plow
31:16 Hand Cart
33:08 Squires
35:50 Fletching
36:09 Town Watch
36:31 Caravan
41:16 Imperial Age
39:17 Wagenburg Tactics
cmblqn
4:20 Loom
14:20 Feudal Age
15:47 Wheelbarrow
15:30 Double-Bit Axe
15:38 Gold Mining
15:41 Stone Mining
24:21 Castle Age
25:37 Bow Saw
26:31 Gold Shaft Mining
26:16 Scale Barding Armor
26:23 Forging
26:17 Husbandry
26:42 Hand Cart
26:12 Town Watch
34:10 Chain Barding Armor
34:29 Iron Casting
33:45 Fletching
34:47 Masonry
38:30 Imperial Age
37:10 Ballistics
36:46 Murder Holes
37:33 Bodkin Arrow
38:36 Cavalier
40:19 Blast Furnace
39:56 Plate Barding Armor
39:25 Chivalry
40:08 Paladin
kagemusha
11:13 Feudal Age
9:28 Loom
12:21 Double-Bit Axe
18:25 Castle Age
16:35 Stone Mining
20:26 Wheelbarrow
24:32 Town Watch
25:47 Hand Cart
27:59 Bow Saw
29:37 Gold Mining
33:27 Corvinian Army
36:01 Pikeman
39:47 Imperial Age
37:43 Scale Barding Armor
37:29 Fletching
39:11 Chain Barding Armor
38:52 Scale Mail Armor
38:53 Bodkin Arrow
41:38 Two-Man Saw
41:12 Conscription
41:41 Plate Barding Armor
41:31 Ballistics
41:40 Recurve Bow
iamlegolas312
0:49 Loom
11:10 Feudal Age
12:20 Double-Bit Axe
12:20 Fishing Lines
15:51 Gold Mining
15:46 Horse Collar
22:13 Castle Age
20:07 Fletching
20:17 Padded Archer Armor
21:38 Stone Mining
23:14 Medium Warships
22:56 Gillnets
22:54 Town Watch
23:49 Gold Shaft Mining
23:40 Bow Saw
23:57 Bodkin Arrow
25:39 Wheelbarrow
25:56 Stone Shaft Mining
25:25 Heavy Plow
27:33 Hand Cart
27:33 Forging
27:23 Scale Mail Armor
29:46 Iron Casting
31:38 Grand Trunk Road
34:35 Chain Mail Armor
38:35 Imperial Age
39:22 Murder Holes
40:27 Chemistry
40:14 Conscription
40:28 Bloodlines
39:43 Heavy Camel Rider
Tha_JB
2:28 Loom
14:07 Feudal Age
19:06 Wheelbarrow
18:17 Town Watch
18:24 Double-Bit Axe
23:07 Fletching
23:28 Forging
Plundr dobrej koláč
5:48 Loom
11:38 Feudal Age
12:49 Double-Bit Axe
19:03 Castle Age
20:01 Medium Warships
22:14 Man-at-Arms
22:21 Pikeman
BottleDry
10:44 Feudal Age
12:08 Loom
12:17 Horse Collar
14:51 Castle Age
12:55 Double-Bit Axe
15:14 Gold Mining
18:12 Man-at-Arms
18:37 Gambesons
20:11 Wheelbarrow
20:53 Pikeman
20:57 Long Swordsman
21:41 Fletching
22:55 Heavy Plow
23:39 Stone Mining
24:18 Bow Saw
NuuuuuuL
7:44 Loom
11:35 Feudal Age
16:50 Castle Age
15:19 Double-Bit Axe
19:53 Bow Saw
30:20 Imperial Age
29:22 Forging
29:18 Scale Barding Armor
30:42 Iron Casting
31:19 Chain Barding Armor
30:34 Cavalier
33:06 Blast Furnace
33:41 Plate Barding Armor
33:33 Husbandry
34:02 Ballistics
33:40 Murder Holes
38:36 Paladin
39:50 Gold Mining
39:59 Fletching
41:38 Gold Shaft Mining
40:59 Stone Mining
41:49 Wheelbarrow
41:04 Town Watch
Connection lost

Rejoining the realm…

Still unreachable

The connection could not be restored.

Session expired

The server has moved on; the page needs a fresh start.